[Event "Titled Tuesday Blitz December 06 Early 2022"]
[White "Topalov, Aleksandar"]
[Black "Herman, Daniel"]
[WhiteFideId "925659"]
[BlackFideId "30935008"]
[WhiteElo "2151"]
[BlackElo "1897"]
[Result "1-0"]
[Round "11"]
[TimeControl "180+1"]
[Date "2022.12.07"]
[WhiteClock "0:01:15"]
[BlackClock "0:00:41"]

1. b3 d5 2. Bb2 Bg4 3. f3 Bh5 4. e4 dxe4 5. Qe2 Nc6 6. Qb5 Bg6 7. Qxb7 Rb8 8. Qxc6+ Qd7 9. Qxd7+ Kxd7 10. Nc3 Nf6 11. Bc4 e6 12. O-O-O Bb4 13. Nxe4 Nxe4 14. fxe4 Bxe4 15. Nf3 f6 16. Rhe1 Bd5 17. Bxd5 exd5 18. Nd4 g6 19. Ne2 Rhf8 20. Nf4 c6 21. a3 Bd6 22. g3 f5 23. Re2 Bxf4 24. gxf4 Rbe8 25. Rde1 Re4 26. Be5 Re8 27. d3 Rxe2 28. Rxe2 c5 29. Kd2 Kc6 30. h4 Re6 31. Bb8 Rxe2+ 32. Kxe2 a6 33. Ke3 Kb7 34. Be5 Kc6 35. b4 Kb5 36. bxc5 Kxc5 37. Bd4+ Kb5 38. Ba7 Ka4 39. Bc5 Kb5 40. Kd4 Kc6 41. Bb4 1-0


[Site "https://www.chess.com"]

[Event "Titled Tuesday Blitz December 06 Early 2022"]
[White "Tsatsalashvili, Keti"]
[Black "Clawitter, Craig"]
[WhiteFideId "13603434"]
[BlackFideId "2023105"]
[WhiteElo "2220"]
[BlackElo "2198"]
[Result "1-0"]
[Round "11"]
[TimeControl "180+1"]
[Date "2022.12.07"]
[WhiteClock "0:00:15"]
[BlackClock "0:00:02"]

1. d4 e6 2. c4 Nf6 3. Nc3 d5 4. Nf3 c6 5. e3 Nbd7 6. cxd5 exd5 7. Bd3 Be7 8. O-O O-O 9. b3 Re8 10. Bb2 Nf8 11. Ne5 N6d7 12. Ne2 Nxe5 13. dxe5 Ne6 14. f4 Nc5 15. Bc2 a5 16. Nd4 Bf8 17. Qh5 g6 18. Qf3 Qh4 19. h3 a4 20. Bc3 Ne6 21. Be1 Nxd4 22. exd4 Qd8 23. Bc3 axb3 24. axb3 Bf5 25. Bxf5 gxf5 26. Qg3+ Bg7 27. Qf3 Qb6 28. Bb2 Rxa1 29. Rxa1 Bf8 30. Qd3 Bb4 31. Qxf5 c5 32. Qg5+ Kf8 33. dxc5 Bxc5+ 34. Kh1 Qxb3 35. Qh6+ Ke7 36. Qf6+ Kf8 37. e6 1-0


[Site "https://www.chess.com"]

[Event "Titled Tuesday Blitz December 06 Early 2022"]
[White "Tsyhanchuk, Stanislav"]
[Black "Vifleemskaia, Svetlana"]
[WhiteFideId "13505130"]
[BlackFideId "4129490"]
[WhiteElo "2173"]
[BlackElo "1930"]
[Result "1-0"]
[Round "11"]
[TimeControl "180+1"]
[Date "2022.12.07"]
[WhiteClock "0:00:32"]
[BlackClock "0:00:02"]

1. e4 e5 2. Nf3 Nc6 3. Bc4 Nf6 4. d3 Be7 5. O-O O-O 6. c3 d5 7. exd5 Nxd5 8. Re1 Nb6 9. Bb3 Bf5 10. Bc2 Bd6 11. Nbd2 Re8 12. Ne4 Bf8 13. Bg5 Qd7 14. Qe2 h6 15. Bh4 Nd5 16. Rad1 Bg4 17. Bg3 Nf4 18. Bxf4 exf4 19. d4 a6 20. h3 Bh5 21. Qd3 f5 22. Ned2 g6 23. d5 Ne7 24. Ne5 Qd6 25. Ndc4 Qf6 26. f3 Rad8 27. Bb3 Kh7 28. Na5 b6 29. Nb7 Rb8 30. Nd7 Qg7 31. Nxb8 Rxb8 32. d6 cxd6 33. Nxd6 Rd8 34. Qe2 Rb8 35. Qe6 Nc6 36. Ne8 1-0


[Site "https://www.chess.com"]

[Event "Titled Tuesday Blitz December 06 Early 2022"]
[White "Turzo, Attila"]
[Black "Csonka, Balazs"]
[WhiteFideId "704954"]
[BlackFideId "742910"]
[WhiteElo "2504"]
[BlackElo "2404"]
[Result "0-1"]
[Round "11"]
[TimeControl "180+1"]
[Date "2022.12.06"]
[WhiteClock "0:00:33"]
[BlackClock "0:00:37"]

1. d4 Nf6 2. c4 e6 3. Nf3 d5 4. Nc3 Ne4 5. Qc2 Nxc3 6. Qxc3 a5 7. Qc2 c5 8. e3 Nc6 9. cxd5 exd5 10. dxc5 Nb4 11. Qc3 Be7 12. Bb5+ Bd7 13. Bxd7+ Qxd7 14. Qxg7 O-O-O 15. O-O Rhg8 16. Qh6 Rxg2+ 17. Kh1 Rdg8 18. Bd2 Qg4 19. Qf4 Rxh2+ 20. Qxh2 Qxf3+ 0-1


[Site "https://www.chess.com"]

[Event "Titled Tuesday Blitz December 06 Early 2022"]
[White "Van Osch, Mees"]
[Black "Larina, Maria"]
[WhiteFideId "1035967"]
[BlackFideId "24113182"]
[WhiteElo "2324"]
[BlackElo "1848"]
[Result "1-0"]
[Round "11"]
[TimeControl "180+1"]
[Date "2022.12.07"]
[WhiteClock "0:00:08"]
[BlackClock "0:00:04"]

1. e4 c6 2. d4 d5 3. Nc3 dxe4 4. Nxe4 Nf6 5. Nxf6+ exf6 6. Nf3 Bd6 7. Bd3 O-O 8. O-O Bg4 9. h3 Bh5 10. g4 Bg6 11. Re1 Nd7 12. c4 Bc7 13. Nh4 Re8 14. Rxe8+ Qxe8 15. Nxg6 hxg6 16. Be3 Nf8 17. Qb3 Qd7 18. Kg2 Qd6 19. Rh1 b6 20. h4 Qd7 21. Qd1 Ne6 22. h5 Nf8 23. hxg6 fxg6 24. Qf3 Re8 25. Be4 Rxe4 26. Qxe4 f5 27. gxf5 gxf5 28. Qh4 Ng6 29. Qh7+ Kf7 30. Rh5 f4 31. Rg5 Qe6 32. Bd2 f3+ 33. Kxf3 Qf6+ 34. Kg2 Nh4+ 35. Qxh4 Bd8 36. Qh5+ Kg8 37. Rf5 Qe7 38. Re5 Qf7 39. Re8+ 1-0


[Site "https://www.chess.com"]

[Event "Titled Tuesday Blitz December 06 Early 2022"]
[White "Xiong, Jeffery"]
[Black "Ohanyan, Emin"]
[WhiteFideId "2047640"]
[BlackFideId "13312022"]
[WhiteElo "2726"]
[BlackElo "2352"]
[Result "1-0"]
[Round "11"]
[TimeControl "180+1"]
[Date "2022.12.06"]
[WhiteClock "0:01:43"]
[BlackClock "0:01:52"]

1. Nf3 d5 2. c4 e6 3. e3 Nf6 4. b3 Nbd7 5. Bb2 Bd6 6. Nc3 c6 7. Qc2 O-O 8. Be2 e5 9. cxd5 cxd5 10. Nb5 Bb8 11. Rc1 a6 12. Nc7 Bxc7 13. Qxc7 Qxc7 14. Rxc7 Ne8 15. Rc1 f6 16. Ba3 Rf7 17. d4 e4 18. Ng1 b6 19. h4 Bb7 20. Nh3 Nf8 21. Nf4 Rc7 22. Kd2 Rac8 23. Rxc7 Nxc7 24. Bg4 Re8 25. Rc1 Nce6 26. Bxf8 Nxf4 27. Bxg7 Nxg2 28. Rc7 f5 29. Bh5 1-0


[Site "https://www.chess.com"]

[Event "Titled Tuesday Blitz December 06 Early 2022"]
[White "Yeletsky, Ivan"]
[Black "Molina, Roberto Junio Brito"]
[WhiteFideId "24180327"]
[BlackFideId "2109450"]
[WhiteElo "2391"]
[BlackElo "2376"]
[Result "1-0"]
[Round "11"]
[TimeControl "180+1"]
[Date "2022.12.06"]
[WhiteClock "0:01:20"]
[BlackClock "0:00:02"]

1. d4 d5 2. c4 c6 3. Nf3 Nf6 4. g3 dxc4 5. Bg2 b5 6. Ne5 Bb7 7. a4 a6 8. O-O e6 9. b3 cxb3 10. Qxb3 Be7 11. axb5 axb5 12. Rxa8 Bxa8 13. Qa2 Bb7 14. Qa7 Qc8 15. Nc3 Nd5 16. Nxd5 exd5 17. Bh3 Qc7 18. Nxf7 Kxf7 19. Bf4 Bd6 20. Bxd6 Qxd6 21. Qxb7+ Qe7 22. Qb6 Qxe2 23. Ra1 Re8 24. Ra7+ Kg8 25. Qc7 Qe1+ 26. Bf1 Re7 27. Qxe7 Qxe7 28. Rxe7 Na6 29. h4 Nb4 30. Rc7 Kf8 31. h5 h6 32. g4 1-0


[Site "https://www.chess.com"]

[Event "Titled Tuesday Blitz December 06 Early 2022"]
[White "Yuan, Qingyu"]
[Black "HSH1987"]
[WhiteFideId "8609772"]
[WhiteElo "2359"]
[BlackElo "2538"]
[Result "1-0"]
[Round "11"]
[TimeControl "180+1"]
[Date "2022.12.07"]
[WhiteClock "0:00:06"]
[BlackClock "0:00:04"]

1. e4 c6 2. d4 d5 3. e5 Bf5 4. h4 h6 5. g4 Be4 6. f3 Bh7 7. Bd3 Bxd3 8. Qxd3 e6 9. h5 Qb6 10. f4 c5 11. c3 Nc6 12. Nf3 cxd4 13. cxd4 Nb4 14. Qe2 Qa6 15. Nc3 Qxe2+ 16. Kxe2 Rc8 17. Bd2 a6 18. Rhc1 Ne7 19. Na4 Nbc6 20. Rc2 Rc7 21. Rac1 Nc8 22. Kd3 Be7 23. f5 O-O 24. a3 N8a7 25. Nb6 Nc8 26. Na4 N8a7 27. Bf4 Rcc8 28. Nb6 Rcd8 29. Ke3 Kh7 30. Rg2 Nc8 31. Na4 N8a7 32. g5 exf5 33. gxh6 gxh6 34. Rcg1 Rg8 35. Nc3 Rxg2 36. Rxg2 Nb5 37. Nxb5 axb5 38. Ne1 b4 39. a4 Na5 40. Nd3 Nc4+ 41. Kf3 b3 42. Bc1 Rg8 43. Rxg8 Kxg8 44. Nf4 Bg5 45. Nd3 Bxc1 46. Nxc1 Nxb2 47. a5 Nc4 48. Nxb3 f6 49. e6 Kf8 50. Kf4 Ke7 51. Kxf5 Nd6+ 52. Kg6 Kxe6 53. Kxh6 Nf5+ 54. Kg6 Nh4+ 55. Kg7 Kd6 56. Kxf6 Ng2 57. h6 Ne3 58. h7 Ng4+ 59. Kg5 Ne3 60. h8=Q Nc4 61. Qf6+ Kc7 62. Nc5 Kb8 63. Qe7 Ka8 64. Qxb7# 1-0


[Site "https://www.chess.com"]

[Event "Titled Tuesday Blitz December 06 Early 2022"]
[White "Zaksaite, Salomeja"]
[Black "Aldokhin, Ivan"]
[WhiteFideId "12801496"]
[BlackFideId "24115720"]
[WhiteElo "2079"]
[BlackElo "2313"]
[Result "0-1"]
[Round "11"]
[TimeControl "180+1"]
[Date "2022.12.07"]
[WhiteClock "0:00:04"]
[BlackClock "0:00:10"]

1. e4 c5 2. Nf3 e6 3. g3 Nf6 4. Qe2 Nc6 5. c3 Be7 6. Bg2 O-O 7. O-O d5 8. e5 Nd7 9. d4 a5 10. h4 b5 11. Bg5 b4 12. Rd1 bxc3 13. bxc3 h6 14. Be3 Re8 15. Nbd2 Ba6 16. Qe1 Nb6 17. Nf1 cxd4 18. cxd4 Nc4 19. N1h2 Bb4 20. Nd2 Bxd2 21. Bxd2 Nxd4 22. Bxa5 Qxa5 23. Qxa5 Nxa5 24. Rxd4 Nc6 25. Rdd1 Nxe5 26. f4 Nc4 27. a4 Ne3 28. Rd2 Bb7 29. Bf3 Ra7 30. Kf2 Nc4 31. Rd4 Rea8 32. Rb1 Rc8 33. Rb4 Bc6 34. Ng4 Rxa4 35. Rxa4 Bxa4 36. Ne3 Bb5 37. Nc2 Nd6 38. Rd2 Rc3 39. Nd4 g6 40. h5 gxh5 41. Bxh5 Ne4+ 0-1


[Site "https://www.chess.com"]

[Event "Titled Tuesday Blitz December 06 Early 2022"]
[White "Zemlyanskii, Ivan"]
[Black "Han, Yichen"]
[WhiteFideId "24249971"]
[BlackFideId "1054430"]
[WhiteElo "2107"]
[BlackElo "2323"]
[Result "1-0"]
[Round "11"]
[TimeControl "180+1"]
[Date "2022.12.06"]
[WhiteClock "0:00:05"]
[BlackClock "0:00:02"]

1. d4 d5 2. c4 e6 3. Nf3 Nf6 4. g3 dxc4 5. Bg2 c6 6. O-O b5 7. Qc2 Bb7 8. a4 a6 9. Nbd2 Be7 10. b3 cxb3 11. Nxb3 Nbd7 12. Bg5 O-O 13. Ne5 Rc8 14. Bxf6 Nxf6 15. e3 Nd7 16. Nd3 Qb6 17. Rfc1 b4 18. a5 Qb5 19. Ndc5 Nxc5 20. Nxc5 Bxc5 21. Qxc5 Ba8 22. Bf1 Qb7 23. Rab1 Rb8 24. Rc4 b3 25. Rc3 Rfd8 26. Rcxb3 Qxb3 27. Rxb3 Rxb3 28. Bxa6 Rd5 29. Qa7 Rd8 30. Qc5 Rd5 31. Qe7 Rb1+ 32. Kg2 Rb8 33. Qc7 Rdd8 34. Kh3 Rf8 35. Bd3 Rfc8 36. Qa7 Bb7 37. a6 Ba8 38. Qc5 Rd8 39. Be4 Rbc8 40. Kg2 g6 41. h4 f5 42. Bf3 Kf7 43. h5 Re8 44. hxg6+ hxg6 45. g4 Red8 46. Kg3 Kf6 47. Qe5+ Kf7 48. g5 Kg8 49. Qf6 Rd7 50. Qxg6+ Kf8 51. Qxe6 Rcd8 52. Qf6+ Ke8 53. g6 Rd6 54. Qf7# 1-0